 Dungeon Crawl Stone Soup version 0.31.0-9-g3a7656b989 (webtiles) character file.

Game seed: 15624898005186646738

832 qw the Ducker (level 7, -1/35 HPs)
             Began as a Spriggan Hunter on Feb 2, 2024.
             Killed from afar by an orc wizard (12 damage)
             ... with a puff of flame
             ... on level 5 of the Dungeon.
             The game lasted 00:00:15 (3117 turns).

qw the Ducker (Spriggan Hunter)                     Turns: 3117, Time: 00:00:16

Health: -1/35      AC:  5    Str:  7    XL:     7   Next: 65%
Magic:  8/8        EV: 23    Int: 10    God:
Gold:   129        SH:  0    Dex: 21    Spells: 6/6 levels left

rFire   x . .        a - +0 shortbow
rCold   . . .        (shield currently unavailable)
rNeg    . . .        j - +1 robe of Courage {rElec rF- Regen+}
rPois   .            e - +2 hat
rElec   +            (no cloak)
rCorr   .            (gloves unavailable)
SInv    +            (boots unavailable)
Will    +....        (no amulet)
Stlth   ++           (no ring)
HPRegen 1.05/turn    (no ring)
MPRegen 0.11/turn

%: no passive effects
@: very quick
A: very small, no large weapons, unfitting armour, see invisible, speed 3
a: no special abilities


You were on level 5 of the Dungeon.
You visited 2 branches of the dungeon, and saw 6 of its levels.

You collected 231 gold pieces.
You spent 102 gold pieces at shops.


Innate Abilities, Weirdness & Mutations

You are very small and have problems with some larger weapons.
You are too small for most types of armour.
You have supernaturally acute eyesight. (SInv)
You cover ground extremely quickly. (Speed+++)


   Skills:
 - Level 2.0 Fighting
 + Level 7.6 Ranged Weapons
 - Level 7.7 Dodging
 - Level 1.5 Stealth


You had 6 spell levels left.
You didn't know any spells.
Your spell library was empty.

Inventory:

Hand Weapons
 a - a +0 shortbow (weapon)
Armour
 e - a +2 hat (worn)
 i - a +0 robe of willpower
 j - the +1 robe of Courage (worn) {rElec rF- Regen+}
   (You bought it in a shop on level 3 of the Dungeon)

   rF-:       It makes you vulnerable to fire.
   rElec:     It insulates you from electricity.
   Regen+:    It increases your rate of health regeneration.
Wands
 c - a wand of paralysis (9)
Potions
 b - 2 potions of might
 d - a potion of curing
 f - a potion of brilliance {unknown}
 g - a potion of invisibility {unknown}

Dungeon Overview and Level Annotations

Branches:
Dungeon (5/15)             Temple (1/1) D:4

Altars:
Ashenzari
Cheibriados
Elyvilon
Gozag
Kikubaaqudgha
Nemelex Xobeh
Qazlal
Ru
Trog
Uskayaw
Xom
Zin

Shops:
D:3 [   D:4 (


Message History

The orc priest misses you.
The orc priest calls down the wrath of Beogh upon you.
Pain shoots through your body! The orc wizard barely misses you.
The orc wizard hits you but does no damage.
The orc priest completely misses you.
The orc priest hits you with a +2 dagger of holy wrath.
3111 ||| DRINKING potion of heal wounds.
You feel much better. The orc priest completely misses you.
The orc wizard hits you with a +0 dagger.
The orc priest looks braver for a moment.
You shoot an arrow. The arrow hits the orc priest!
You kill the orc priest!
The orc priest closely misses you.
The orc wizard hits you but does no damage.
You shoot an arrow. The arrow barely misses the orc wizard.
The orc priest invokes the aid of Beogh against you.
Beogh smites you!
The orc wizard gestures wildly while chanting.
The orc wizard flickers and vanishes for a moment.
The orc misses you.
You shoot an arrow.
The arrow closely misses the orc wizard.
The orc priest closely misses you. The orc wizard closely misses you.
The orc completely misses you.
You shoot an arrow.
The arrow closely misses the orc wizard.
The orc priest completely misses you.
The orc wizard points at you and mumbles some strange words.
You resist with almost no effort. The orc hits you with a +0 dagger.
You shoot an arrow. The arrow hits the orc wizard!
The orc wizard is severely wounded.
The orc priest closely misses you. The orc hits you but does no damage.
The orc wizard completely misses you.
You shoot an arrow.
The arrow completely misses the orc wizard.
The orc hits you with a +0 dagger. The orc priest barely misses you.
The orc wizard points at you and mumbles some strange words.
The puff of flame hits you! The fire burns you terribly!
You die...

.... ... ##. #### .))
#...####
....###)######.##..#
..........#........##
...................##
#.oo)#.#.........##
#.)@o#.##.........##
##.#...###.........#
#.#....#...........
#.#................
#..................
#..................
#.....#.....#......
.......##...........
......#..#...........


You could see an orc priest, an orc wizard (invisible) and an orc.

Vanquished Creatures
  Edmund (D:5)
  An ice beast (D:5)
  An ogre (D:4)
  A scorpion (D:4)
  2 hounds (D:4)
  A jelly (D:5)
  2 orc priests
  A bombardier beetle (D:3)
  An iguana (D:4)
  A sleepcap (D:4)
  An orc wizard (D:5)
  4 adders
  7 gnolls
  A white imp (D:4)
  3 ribbon worms
  5 dart slugs
  11 orcs
  10 endoplasms
  3 giant cockroaches
  7 hobgoblins
  4 jackals (D:1)
  4 quokkas
  8 ball pythons
  5 bats
  8 frilled lizards
  3 goblins
  10 kobolds
  8 rats
114 creatures vanquished.

Notes
Turn   | Place    | Note
-------+----------+-------------------------------------------
     0 | D:1      | qw the Spriggan Hunter began the quest for the Orb.
     0 | D:1      | Reached XP level 1. HP: 10/10 MP: 2/2
     0 | D:1      | 0 ||| qw: Version: 0.3-a-155-g5e7d8dd
     0 | D:1      | 0 ||| qw: Game counter: 1162
     0 | D:1      | 0 ||| qw: Melee chars always use a shield: true
     0 | D:1      | 0 ||| qw: God list: Okawaru
     0 | D:1      | 0 ||| qw: Allow faded altars: false
     0 | D:1      | 0 ||| qw: Do Orc after clearing Dungeon:15 true
     0 | D:1      | 0 ||| qw: Do second Lair branch before Depths: true
     0 | D:1      | 0 ||| qw: Lair rune preference: random
     0 | D:1      | 0 ||| qw: Goals: Normal
     0 | D:1      | 0 ||| PLANNING D:1-11
   156 | D:1      | Reached skill level 3 in Dodging
   374 | D:1      | Reached XP level 2. HP: 11/14 MP: 3/3
   705 | D:1      | 705 ||| READING scroll labelled UKHOAJ KOEGO.
   706 | D:1      | 706 ||| DROPPING scroll of butterflies.
   747 | D:2      | Reached XP level 3. HP: 18/18 MP: 4/4
  1077 | D:2      | Reached XP level 4. HP: 22/22 MP: 5/5
  1542 | D:2      | 1542 ||| READING scroll labelled MOH QEDEIRED.
  1543 | D:2      | 1543 ||| READING scroll labelled VODAENW GYOSI.
  1544 | D:2      | 1544 ||| READING 2 scrolls labelled MUHIUS ROSAO.
  1544 | D:2      | 1544 ||| IDENTIFYING lumpy blue potion
  1545 | D:2      | 1545 ||| READING scroll of identify.
  1545 | D:2      | 1545 ||| IDENTIFYING ruby potion
  1546 | D:2      | 1546 ||| READING scroll labelled YPTITO PINITZI.
  1547 | D:2      | 1547 ||| DRINKING 2 fizzy blue potions.
  1548 | D:2      | 1548 ||| DROPPING potion of attraction.
  1751 | D:3      | Reached XP level 5. HP: 26/26 MP: 6/6
  1880 | D:3      | Found a faded altar of an unknown god.
  1907 | D:3      | 1907 ||| DROPPING +0 sling of electrocution.
  1914 | D:3      | Found Podimoh's Antique Armour Boutique.
  1922 | D:3      | 1922 ||| BUYING crude robe (102 gold).
  1922 | D:3      | Bought a crude robe for 102 gold pieces
  1922 | D:3      | Identified the +1 robe of Courage {rElec rF- Regen+} (You
                  | bought it in a shop on level 3 of the Dungeon)
  2122 | D:3      | 2122 ||| UPGRADING to +1 hat.
  2127 | D:3      | 2127 ||| UPGRADING to +0 robe of willpower.
  2137 | D:3      | 2137 ||| DROPPING +0 robe.
  2138 | D:3      | 2138 ||| UPGRADING to +1 robe of Courage {rElec rF-
                  | Regen+}.
  2148 | D:3      | 2148 ||| READING scroll labelled XIAFAE HUSK.
  2148 | D:3      | 2148 ||| ENCHANTING +1 hat.
  2182 | D:4      | Noticed an ogre
  2189 | D:4      | Killed an ogre
  2190 | D:4      | Reached skill level 6 in Ranged Weapons
  2190 | D:4      | Reached XP level 6. HP: 30/30 MP: 7/7
  2258 | D:4      | 2258 ||| RETREEEEATING.
  2259 | D:4      | 2259 ||| RETREEEEATING.
  2260 | D:4      | 2260 ||| RETREEEEATING.
  2261 | D:4      | 2261 ||| RETREEEEATING.
  2294 | D:4      | Reached skill level 6 in Dodging
  2306 | D:4      | Found a staircase to the Ecumenical Temple.
  2307 | D:4      | 2307 ||| PLANNING TEMPLE
  2315 | Temple   | Entered the Ecumenical Temple
  2316 | Temple   | 2316 ||| PLANNING D:1-11
  2523 | D:4      | Found Qobivi's Weapon Boutique.
  2875 | D:4      | 2875 ||| READING scroll labelled GAWOGR JIYCLAFOK.
  2976 | D:4      | 2976 ||| DRINKING 2 emerald potions.
  2997 | D:5      | Entered Level 5 of the Dungeon
  2999 | D:5      | 2999 ||| STAIRDANCE
  3006 | D:4      | Reached XP level 7. HP: 33/35 MP: 8/8
  3027 | D:5      | Noticed Edmund
  3043 | D:5      | Killed Edmund
  3110 | D:5      | HP: 8/35 [orc priest/nerve-wracking pain (13)]
  3111 | D:5      | 3111 ||| DRINKING potion of heal wounds.
  3117 | D:5      | Killed from afar by an orc wizard

Levels and vault maps discovered:
D:1:      dpeg_arrival_rooms_a, layout_basic, minmay_misc_feat_enclosed,
          solitary_fountain
D:2:      layout_basic, minmay_unequal
D:3:      layout_rooms, hellmonk_ecumenical_altar_arch_garden, serial_shops,
          shop
D:4:      corexii_shack_village, layout_basic, minmay_temple_entry_grid,
          serial_shops, nicolae_shop_tiny_waterfront, minmay_misc_feat_chi
D:5:      cheibrodos_thug_alley, layout_cave_pools,
          lemuel_zombie_altar_yredelemnul, uniq_edmund, uniq_ijyb
Temple:   nicolae_temple_ecumenical_triangle

Skill      XL: |  1  2  3  4  5  6  7 |
---------------+----------------------+-----
Dodging        | 3 4 5 6 7 |  7.7
Ranged Weapons | 5 6 7 |  7.6
Fighting       | 2 |  2.0
Stealth        | |  1.5

Action                     |  1- 3 |  4- 6 |  7- 9 || total
---------------------------+-------+-------+-------++-------
   Fire: Shortbow          |   113 |   228 |    53 ||   394
    Use: Scroll            |     1 |     7 |       ||     8
         Potion            |       |     2 |     1 ||     3
 Armour: Robe              |     5 |    31 |    13 ||    49
  Dodge: Dodged            |    28 |   124 |    32 ||   184

Table legend:
 A = Non-vault XP
 B = Vault XP
 C = Vault XP percentage of total XP
 D = Non-vault monster count
 E = Vault monster count
 F = Vault count percentage of total count
                 A         B        C        D         E       F
            +---------+---------+-------+---------+---------+-------
      Total |     999 |     190 |  16.0 |     100 |      14 |  12.3
            +---------+---------+-------+---------+---------+-------
        D:1 |      35 |       0 |   0.0 |      21 |       0 |   0.0
        D:2 |      46 |      18 |  28.1 |      18 |       3 |  14.3
        D:3 |     193 |       0 |   0.0 |      27 |       0 |   0.0
        D:4 |     471 |      19 |   3.9 |      27 |      10 |  27.0
        D:5 |     254 |     153 |  37.6 |       7 |       1 |  12.5
            +---------+---------+-------+---------+---------+-------
